 Dungeon Crawl Stone Soup version 0.32-a0-871-ge202e49faa (webtiles) character file.

Game seed: 8080270266726403081

4035 kae the Carver (level 10, -16/67 HPs)
             Began as a Coglin Gladiator on Mar 29, 2024.
             Was a Follower of Okawaru.
             Killed from afar by an acid dragon (38 damage)
             ... with a splash of acid
             ... on level 8 of the Dungeon.
             The game lasted 00:07:03 (8440 turns).

kae the Carver (Coglin Gladiator)                   Turns: 8440, Time: 00:07:03

Health: -16/67     AC:  4    Str: 18    XL:     10   Next: 24%
Magic:  12/12      EV: 12    Int:  7    God:    Okawaru [*.....]
Gold:   439        SH:  0    Dex: 23    Spells: 9/9 levels left

rFire   . . .        a - +0 long sword {Kanchana}
rCold   . . .        t - +1 falchion {Yawen}
rNeg    . . .        b - +0 leather armour
rPois   .            c - +1 helmet
rElec   .            r - +2 cloak "Ongugio" {Str+3 Dex+3}
rCorr   .            (no gloves)
SInv    .            (no boots)
Will    .....        (amulet unavailable)
Stlth   ++           (ring unavailable)
HPRegen 0.31/turn    (ring unavailable)
MPRegen 0.13/turn    (no gizmo)

%: no passive effects
@: corroded, revved
A: off-hand wielding, slow wielding, warmup strikes, no jewellery
a: Invent Gizmo, Renounce Religion, Heroism


You were on level 8 of the Dungeon.
You worshipped Okawaru.
Okawaru was aware of your devotion.
You visited 2 branches of the dungeon, and saw 9 of its levels.
You also visited: Ossuary.

You collected 439 gold pieces.


Innate Abilities, Weirdness & Mutations

You can wield a second weapon in your off-hand.
It takes a long time for you to wield or remove held weapons.
Your first few attacks do less damage.
You cannot equip rings or amulets.


   Skills:
 * Level 2.1 Fighting
 - Level 14.0 Long Blades
 - Level 1.7 Throwing
 + Level 0.1 Armour
 - Level 2.6 Dodging
 * Level 3.3 Invocations


You had 9 spell levels left.
You didn't know any spells.
Your spell library contained the following spells:

 Spells                   Type           Power      Damage    Failure   Level
 Frozen Ramparts          Ice            0%         1d1       86%         3
 Ozocubu's Armour         Ice            0%         N/A       86%         3
 Volatile Blastmotes      Fire/Tloc      0%         2d10      86%         3
 Fulminant Prism          Conj/Alch      0%         3d5       99%         4
 Iskenderun's Mystic Bla Conj/Tloc 0%             2d3        (+2d1     99%         4
 Metabolic Englaciation   Hex/Ice        0%         N/A       100%        5
 Summon Ice Beast         Ice/Summ       Unusable   N/A       N/A         3
 Summon Mana Viper        Hex/Summ       Unusable   N/A       N/A         5
 Malign Gateway           Summ/Tloc      Unusable   N/A       N/A         7
 Monstrous Menagerie      Summ           Unusable   N/A       N/A         7
 Summon Horrible Things   Summ           Unusable   N/A       N/A         8

Inventory:

Hand Weapons
 a - a +0 long sword (weapon) {Kanchana}
 f - a +0 dagger {Solveig}
 t - a +1 falchion (offhand) {Yawen}
   (You found it on level 2 of the Dungeon)
Missiles
 d - 3 throwing nets (quivered) {=f!f}
 e - 3 javelins
 j - 60 stones
 k - 33 poisoned darts
 l - 8 boomerangs
Armour
 b - a +0 leather armour (worn)
 c - a +1 helmet (worn)
 r - the +2 cloak "Ongugio" (worn) {Str+3 Dex+3}
   (You acquired it on level 2 of the Dungeon)

   Str+3:     It affects your strength (+3).
   Dex+3:     It affects your dexterity (+3).
Jewellery
 g - an amulet of regeneration
   (You found it in an ossuary)
 F - a ring of protection from fire
   (You found it on level 4 of the Dungeon)
 P - a ring of poison resistance
   (You found it on level 1 of the Dungeon)
 R - a ring of resist corrosion
   (You found it on level 7 of the Dungeon)
 T - an amulet of faith {!P}
   (You took it off a hobgoblin on level 4 of the Dungeon)
Wands
 A - a wand of charming (6)
   (You found it on level 8 of the Dungeon)
Scrolls
 p - a scroll of revelation {unknown}
 y - a scroll of teleportation {@r4}
Potions
 h - 7 potions of curing {@q1}
 i - 3 potions of degeneration {!q}
 m - 2 potions of lignification {!q}
 n - 2 potions of berserk rage {unknown}
 o - a potion of experience
 q - 7 potions of heal wounds {@q2}
 s - 3 potions of might
 u - a potion of magic
 v - 2 potions of mutation {!q}
 w - 3 potions of attraction {!q}
 x - a potion of enlightenment
 z - a potion of haste {unknown}

Dungeon Overview and Level Annotations

Branches:
Dungeon (8/15) Zot: 25892  Temple (1/1) D:7 Zot: 5998 Ossuary (visited)
   Lair: D:8-11

Altars:
Ashenzari
Cheibriados
Dithmenos
Elyvilon
Fedhas
Kikubaaqudgha
Makhleb
Nemelex Xobeh
Okawaru
Qazlal
Ru
Sif Muna
Trog
Uskayaw
Vehumet
Wu Jian
Yredelemnul
Zin
The Shining One

Shops:
D:6 *   D:8 *

Annotations:
D:2 1 runed translucent door, Crazy Yiuf
D:8 1 runed translucent door

#.# ##.........).
#.####.## #.#
##.###.######.
#........ #.###.##
##.## ######.##
#.##.## ##.# #.##
.....# #.# # #...
#.##.# ###†### .#
##)# #.###.#
#.....###.# #..
#.# #.#
#.........#####
### ...
#......?..@D......
# #.#
####.....##..#####
#.# #.....# ..#
..# ####### ..#
.<. ..## ###


You could see an acid dragon (catching breath).


Message History

h - 7 potions of curing {@q1} (gained 1)
Found a basalt altar of Yredelemnul.
No reachable target in view!
No reachable target in view!
You now have 439 gold pieces (gained 9).
Key pressed, stopping explore.
No target in view!
No target in view!
k - 33 poisoned darts (gained 4) Key pressed, stopping explore.
The human shouts!
Items here: ÷÷÷÷.
There is a stone staircase leading down here.
Key pressed, stopping explore.
Found an escape hatch in the floor.
You enter the shallow water.
Moving in this stuff is going to be slow.
You see here a +0 short sword.
A sky beast comes into view.
A sky beast is nearby!
A sky beast is nearby!
A sky beast is nearby!
You slash the sky beast with your +1 falchion!
You hit the sky beast with your +0 long sword.
The sky beast hits you but does no damage.
You closely miss the sky beast with your +0 long sword.
You hit the sky beast with your +1 falchion.
You hit the sky beast but do no damage.
You slash the sky beast with your +1 falchion!
You kill the sky beast!
Okawaru accepts your kill.
No target in view!
No target in view!
No target in view!
No target in view!
An acid dragon comes into view.
You see here a sky beast corpse.
An acid dragon is nearby!
An acid dragon is nearby!
An acid dragon is nearby!
An acid dragon is nearby!
An acid dragon is nearby!
Found an escape hatch in the ceiling.
The acid dragon spits acid at you. The splash of acid hits you!!
The acid corrodes you!
You are too injured to fight recklessly! 😮 HP[-25]
You take 25 damage, and now have 42/67 hp.
MASSIVE DAMAGE!! (PAUSE)
The acid dragon bites you.
The acid dragon barely misses you. 😮 HP[-4]
You take 4 damage, and now have 38/67 hp.
You hit the acid dragon but do no damage.
You hit the acid dragon with your +0 long sword.
The acid dragon closely misses you. The acid dragon claws you. 😮 HP[-1]
You take 1 damage, and now have 37/67 hp.
You closely miss the acid dragon with your +0 long sword.
You barely miss the acid dragon with your +1 falchion.
Unknown command.
You barely miss the acid dragon with your +1 falchion.
You hit the acid dragon but do no damage.
The acid dragon bites you!
* * * LOW HITPOINT WARNING * * *
The acid dragon claws you but does no damage. 😨 HP[-11]
You take 11 damage, and now have 26/67 hp.
You hit the acid dragon with your +1 falchion.
You hit the acid dragon with your +0 long sword.
You hit the acid dragon but do no damage. x2
The acid dragon barely misses you.
The acid dragon closely misses you. 😨 HP[+1] Unknown command.
You hit the acid dragon but do no damage. x2
The acid dragon barely misses you. The acid dragon claws you.
* * * LOW HITPOINT WARNING * * *
😨 HP[-3]
You take 3 damage, and now have 24/67 hp.
You hit the acid dragon but do no damage.
You barely miss the acid dragon with your +1 falchion.
Unknown command.
You hit the acid dragon with your +1 falchion.
You slash the acid dragon with your +0 long sword!
The acid dragon spits acid at you. The splash of acid hits you!
* * * LOW HITPOINT WARNING * * *
😱 HP[-17]
You take 17 damage, and now have 7/67 hp.
MASSIVE DAMAGE!! (PAUSE)
You feel much better. The acid dragon bites you!
* * * LOW HITPOINT WARNING * * *
The acid dragon barely misses you. 😨 HP[+14]
You regained 14 hp, and now have 21/67 hp.
You hit the acid dragon but do no damage.
You hit the acid dragon with your +1 falchion.
The acid dragon spits acid at you. The splash of acid hits you!!!
Ouch! That really hurt!
You die...

Skill      XL: |  1  2  3  4  5  6  7  8  9 10 |
---------------+-------------------------------+-----
Long Blades    | 4 5 6 7 9 11 13 14 | 14.0
Invocations    | 1 3 |  3.3
Fighting       | |  2.1
Throwing       | |  1.7
Armour         | |  0.1
Dodging        | |  2.6

Action                     |  1- 3 |  4- 6 |  7- 9 | 10-12 || total
---------------------------+-------+-------+-------+-------++-------
  Melee: Long sword        |    55 |    99 |   252 |    31 ||   437
         Dagger            |    47 |    20 |       |       ||    67
         Falchion          |       |    68 |   254 |    33 ||   355
    Use: Scroll            |     1 |    10 |     8 |       ||    19
         Potion            |       |       |     1 |     1 ||     2
   Stab: Sleeping          |     1 |     2 |     2 |       ||     5
         Distracted        |       |       |     1 |     1 ||     2
 Armour: Leather armour    |    29 |    60 |   145 |    14 ||   248
  Dodge: Dodged            |    44 |    56 |   136 |    11 ||   247

Levels and vault maps discovered:
D:1:      dpeg_arrival_tiny_c, layout_basic
D:2:      layout_loops_corners, basic_ecumenical_altar, minmay_hexomino_p4,
          uniq_crazy_yiuf_cottage, uniq_natasha
D:3:      layout_loops_ring
D:4:      layout_basic, enter_ossuary_2
D:5:      layout_basic
D:6:      layout_loops_ring, nicolae_elemental_shop, grunt_tough_drop
D:7:      layout_cave_pods, minmay_temple_entry_arrows, serial_column_ruins,
          column_ruins_hut_ruined, column_ruins_open_small,
          column_ruins_open_small, column_ruins_grid_1, nicolae_zig_zag_zippers
D:8:      layout_loops_ring, dk_yredelemnul_ordeal,
          minmay_overflow_temple_star_hex, regret_index_temple_of_mockery,
          chequers_serial_rivers_small_b, nicolae_shop_gadgets
Temple:   nicolae_temple_figure_eight

Notes
Turn   | Place    | Note
-------+----------+-------------------------------------------
     0 | D:1      | kae the Coglin Gladiator began the quest for the Orb.
     0 | D:1      | Reached XP level 1. HP: 16/16 MP: 1/1
     0 | D:1      | magus.rc [v1.11.3]
    33 | D:1      | Reached XP level 2. HP: 22/22 MP: 2/2
    34 | D:1      | You pick up a book of Winter and begin reading...
    34 | D:1      | You add the spells Frozen Ramparts, Ozocubu's Armour and
                  | Metabolic Englaciation to your library.
    40 | D:1      | You pick up a book of Blasting and begin reading...
    40 | D:1      | You add the spells Volatile Blastmotes, Fulminant Prism and
                  | Iskenderun's Mystic Blast to your library.
   307 | D:1      | Reached skill level 4 in Long Blades
   314 | D:1      | Reached XP level 3. HP: 27/27 MP: 3/3
   622 | D:1      | You pick up a book of Beasts and begin reading...
   622 | D:1      | You add the spells Summon Ice Beast, Summon Mana Viper and
                  | Monstrous Menagerie to your library.
   830 | D:2      | Noticed Natasha
   842 | D:2      | Killed Natasha
   843 | D:2      | Reached XP level 4. HP: 10/33 MP: 4/4
  1035 | D:2      | Reached skill level 5 in Long Blades
  1144 | D:2      | Found a runed translucent door.
  1145 | D:2      | Noticed Crazy Yiuf
  1375 | D:2      | You add the spells Malign Gateway and Summon Horrible
                  | Things to your library.
  1379 | D:2      | Noticed Natasha
  1387 | D:2      | Killed Natasha
  1516 | D:2      | Reached XP level 5. HP: 38/38 MP: 5/5
  1522 | D:2      | Found a faded altar of an unknown god.
  1806 | D:2      | Identified a scroll of acquirement
  1806 | D:2      | Acquired the +2 cloak "Ongugio" {Str+3 Dex+3}
  2170 | D:3      | Noticed a black bear
  2174 | D:3      | Killed a black bear
  2175 | D:3      | Reached skill level 6 in Long Blades
  2291 | D:3      | Reached XP level 6. HP: 44/44 MP: 6/6
  2711 | D:4      | Noticed a black bear
  2714 | D:4      | Found a sand-covered staircase.
  2719 | Ossuary  | Entered an ossuary
  2796 | Ossuary  | Reached skill level 7 in Long Blades
  2878 | Ossuary  | Reached XP level 7. HP: 32/50 MP: 7/7
  3066 | Ossuary  | Reached skill level 8 in Long Blades
  3264 | Ossuary  | HP: 8/50 [burial acolyte/a malign offering (12)]
  3268 | Ossuary  | Reached skill level 9 in Long Blades
  3407 | Ossuary  | Identified a potion of experience
  3435 | D:4      | Reached XP level 8. HP: 51/56 MP: 8/8
  4133 | D:5      | Entered Level 5 of the Dungeon
  4412 | D:5      | Reached skill level 10 in Long Blades
  4775 | D:5      | You fall into a shaft and drop 2 floors!
  4776 | D:7      | Found a staircase to the Ecumenical Temple.
  4938 | Temple   | Entered the Ecumenical Temple
  5046 | D:7      | Reached skill level 11 in Long Blades
  5235 | D:7      | Reached XP level 9. HP: 49/61 MP: 9/9
  5617 | D:6      | Reached skill level 12 in Long Blades
  5962 | D:6      | Found Bautat's Elemental Accessories.
  6848 | D:7      | Reached skill level 13 in Long Blades
  7310 | D:8      | Found Mofees's Gadget Gallery.
  7669 | D:8      | Found an iron altar of Okawaru.
  7678 | D:8      | Found a bloodstained altar of Trog.
  7680 | D:8      | Found a burning altar of Makhleb.
  7699 | D:8      | Found a radiant altar of Vehumet.
  7703 | D:8      | Found an ancient bone altar of Kikubaaqudgha.
  7816 | D:8      | Became a worshipper of Warmaster Okawaru
  7915 | D:8      | Reached skill level 1 in Invocations
  7915 | D:8      | Reached XP level 10. HP: 51/67 MP: 10/10
  7920 | D:8      | Reached skill level 14 in Long Blades
  7920 | D:8      | Reached skill level 2 in Invocations
  7930 | D:8      | Reached * piety under Okawaru
  7935 | D:8      | Reached skill level 3 in Invocations
  8088 | D:8      | Found a runed translucent door.
  8099 | D:8      | Found a basalt altar of Yredelemnul.
  8438 | D:8      | HP: 7/67 [acid dragon/splash of acid (17)]
  8440 | D:8      | Killed from afar by an acid dragon

Vanquished Creatures
  6 yaks (D:8)
  A steam dragon (D:7)
  3 ice beasts (D:6)
  An orc warrior (D:7)
  An ogre (D:6)
  A sky beast (D:8)
  4 black bears
  A centaur (D:7)
  2 phantoms (D:5)
  A weeping skull (Ossuary)
  2 elf zombies (Ossuary)
  A kobold brigand (D:7)
  3 bullfrogs (D:6)
  A scorpion (D:7)
  2 burial acolytes (Ossuary)
  4 wights (D:7)
  7 killer bees
  3 bombardier beetles
  2 centaur zombies (Ossuary)
  2 hounds (D:5)
  3 human zombies (Ossuary)
  2 jellies
  Natasha (twice) (D:2)
  2 iguanas (D:5)
  2 orc wizards (D:7)
  4 hound zombies (Ossuary)
  2 mummies (Ossuary)
  7 adders
  A shadow imp (D:6)
  A white imp (D:6)
  2 ufetubi (D:5)
  2 dart slugs
  2 ribbon worms
  15 orcs
  5 bats
  8 endoplasms
  3 gnoll zombies (Ossuary)
  6 goblins
  7 hobgoblins
  7 jackals
  8 kobolds
  4 quokkas
  6 ball pythons
  A frilled lizard (D:1)
  A kobold zombie (D:8)
  3 orc zombies (Ossuary)
  9 rats
163 creatures vanquished.

Table legend:
 A = Non-vault XP
 B = Vault XP
 C = Vault XP percentage of total XP
 D = Non-vault monster count
 E = Vault monster count
 F = Vault count percentage of total count
                 A         B        C        D         E       F
            +---------+---------+-------+---------+---------+-------
      Total |    4692 |    1073 |  18.6 |     133 |      30 |  18.4
            +---------+---------+-------+---------+---------+-------
        D:1 |      41 |       0 |   0.0 |      24 |       0 |   0.0
        D:2 |      75 |      53 |  41.4 |      13 |       4 |  23.5
        D:3 |     152 |       0 |   0.0 |      16 |       0 |   0.0
        D:4 |     187 |       0 |   0.0 |      20 |       0 |   0.0
        D:5 |     498 |       0 |   0.0 |      12 |       0 |   0.0
        D:6 |     818 |     232 |  22.1 |      13 |       3 |  18.8
        D:7 |    1300 |       0 |   0.0 |      22 |       0 |   0.0
        D:8 |    1621 |       1 |   0.1 |      13 |       1 |   7.1
    Ossuary |       0 |     787 | 100.0 |       0 |      22 | 100.0
            +---------+---------+-------+---------+---------+-------

Skill      XL: |  1  2  3  4  5  6  7  8  9 10 |
---------------+-------------------------------+-----
Long Blades    | 4 5 6 7 9 11 13 14 | 14.0
Invocations    | 1 3 |  3.3
Fighting       | |  2.1
Throwing       | |  1.7
Armour         | |  0.1
Dodging        | |  2.6

Action                     |  1- 3 |  4- 6 |  7- 9 | 10-12 || total
---------------------------+-------+-------+-------+-------++-------
  Melee: Long sword        |    55 |    99 |   252 |    31 ||   437
         Dagger            |    47 |    20 |       |       ||    67
         Falchion          |       |    68 |   254 |    33 ||   355
    Use: Scroll            |     1 |    10 |     8 |       ||    19
         Potion            |       |       |     1 |     1 ||     2
   Stab: Sleeping          |     1 |     2 |     2 |       ||     5
         Distracted        |       |       |     1 |     1 ||     2
 Armour: Leather armour    |    29 |    60 |   145 |    14 ||   248
  Dodge: Dodged            |    44 |    56 |   136 |    11 ||   247

Illustrated notes

Table legend:
 A = Kills in this place as a percentage of kills in the entire game.
 B = Kills by you in this place as a percentage of kills by you in the entire game.
 C = Kills by friends in this place as a percentage of kills by friends in the entire game.
 D = Other kills in this place as a percentage of other kills in the entire game.
 E = Experience gained in this place as a percentage of experience gained in the entire game.
 F = Experience gained in this place divided by the number of levels of this place that you have seen.
                   A       B       C       D       E      F
               +-------+-------+-------+-------+-------+----------------------
         Total | 100.0 | 100.0 |   N/A |   N/A | 100.0 | 576.5
       Dungeon |  86.5 |  86.5 |   N/A |   N/A |  86.3 | 622.2
       Ossuary |  13.5 |  13.5 |   N/A |   N/A |  13.7 | 787.0
               +-------+-------+-------+-------+-------+----------------------

Table legend: (Time is in decaauts)
 A = Elapsed time spent in this place.
 B = Non-inter-level travel time spent in this place.
 C = Inter-level travel time spent in this place.
 D = Time resting spent in this place.
 E = Time spent auto-exploring this place.
 F = Levels seen in this place.
 G = Mean time per level.
                   A        B        C        D        E       F      G
               +--------+--------+--------+--------+--------+-----+--------+
         Total |   8390 |   8040 |    350 |    652 |   6119 |  10 |  839.0 |
       Dungeon |   7680 |   7331 |    349 |    527 |   5841 |   8 |  960.0 |
        Temple |      1 |      0 |      1 |      0 |      0 |   1 |    1.0 |
       Ossuary |    707 |    707 |      0 |    125 |    278 |   1 |  707.0 |
               +--------+--------+--------+--------+--------+-----+--------+

Top non-repeatable levels by time:
     D:7: 1307 daAuts
     D:2: 1187 daAuts
     D:8: 1107 daAuts
     D:6: 1069 daAuts
     D:4: 886 daAuts
     D:5: 761 daAuts
     D:1: 745 daAuts
 Ossuary: 707 daAuts
     D:3: 616 daAuts
  Temple: 1 daAuts
